Map: Acropolis LE

Players

HeRoMaRinE

  • Race: Terran Terran
  • Spawn Location: 11:00

Classic - Winner!

  • Race: Protoss Protoss
  • Spawn Location: 5:00

Event: 2019 WCS Global FInals

VOD

Have the link to the VOD?

Description

Time

  • Played on: Oct. 26, 2019, 5:09 a.m.
  • Length: 8:58

All games in this series

Show
View Real Time Build Order
Export as new Build Order

HeRoMaRinE Terran 

Build Orders: Reaper Expand 

Get SALT Encoding   

  12  0:00  SCV  
  13  0:12  SCV  
  14  0:17  Supply Depot  
  14  0:25  SCV  
  15  0:38  SCV  
  15  0:39  Barracks  
  16  0:43  Refinery  
  16  0:50  SCV  
  17  1:02  SCV  
  18  1:15  SCV  
  19  1:28  Orbital Command  
  19  1:33  Reaper  
  20  1:43  Command Center  
  20  1:50  Supply Depot  
  20  1:53  SCV  
  21  2:03  Bunker  
  21  2:05  Marine, SCV  
  23  2:16  Factory  
  23  2:17  SCV  
  24  2:24  Refinery  
  24  2:26  Marine  
  24  2:29  SCV  
  26  2:41  SCV  
  27  2:45  Barracks Reactor  
  27  2:53  SCV  
  27  2:57  Orbital Command  
  28  3:00  Widow Mine  
  30  3:05  SCV  
  30  3:06  Starport  
  31  3:18  SCV  
  32  3:22  Marine x2  
  32  3:23  SCV  
  37  3:27  Factory Tech Lab  
  37  3:30  SCV  
  35  3:35  SCV  
  35  3:40  Marine x2  
  38  3:42  Viking, SCV  
  38  3:45  Supply Depot  
  38  3:48  SCV  
  42  3:54  SCV  
  43  3:55  Command Center  
  43  3:59  Factory Tech Lab  
  43  4:00  Marine x2, SCV  
  43  4:01  Refinery  
  46  4:07  SCV  
  47  4:10  Supply Depot  
  47  4:12  SCV  
  48  4:18  Marine x2  
  48  4:19  Raven, SCV  
  53  4:25  Supply Depot, SCV  
  54  4:31  Siege Tank, SCV  
  54  4:37  Marine x2, SCV  
  60  4:43  SCV  
  57  4:49  SCV  
  54  4:55  Marine x2, SCV  
  52  5:01  SCV  
  50  5:08  SCV  
  48  5:16  SCV  
  48  5:20  SCV  
  52  5:25  Orbital Command  
  50  5:29  SCV  
  50  5:35  Engineering Bay  
  51  5:36  SCV  
  51  5:41  SCV  
  53  5:48  Marine, SCV, Stimpack  
  55  5:52  SCV  
  55  5:53  SCV  
  55  5:54  Barracks  
  57  6:00  SCV  
  57  6:01  Terran Infantry Weapons Level 1  
  57  6:03  Starport Reactor  
  58  6:04  SCV  
  58  6:05  SCV  
  58  6:06  Marine  
  58  6:07  Barracks  
  58  6:09  Siege Tank  
  64  6:13  SCV  
  64  6:17  SCV x2  
  67  6:24  Marine  
  67  6:25  SCV  
  68  6:29  SCV  
  68  6:30  Missile Turret  
  70  6:37  SCV  
  70  6:38  Barracks x2  
  70  6:40  Refinery  
  70  6:41  Marine x2, SCV  
  70  6:42  Marauder  
  75  6:49  SCV, Factory Reactor  
  75  6:52  Medivac x2  
  75  6:53  SCV  
  80  6:54  Orbital Command  
  80  6:57  Supply Depot  
  80  6:59  Supply Depot, Marine  
  82  7:01  SCV  
  82  7:03  Marauder  
  82  7:05  SCV  
  85  7:08  Combat Shield  
  85  7:12  Supply Depot  
  85  7:14  Supply Depot  
  85  7:15  SCV, Marauder  
  88  7:16  Marine  
  88  7:17  SCV  
  88  7:20  SCV  
  91  7:22  Supply Depot  
  91  7:25  Marauder  
  91  7:27  Supply Depot, SCV  
  91  7:28  Barracks Tech Lab, Barracks Reactor  
  95  7:30  SCV  
  95  7:32  SCV  
  98  7:37  Marauder  
  98  7:38  Marine x2  
  98  7:39  SCV  
  98  7:42  SCV  
  102  7:44  SCV  
  102  7:46  Medivac x2  
  107  7:51  SCV  
  107  7:52  Marauder  
  107  7:54  SCV, Marauder  
  107  7:56  SCV  
  107  7:57  Marine  
  107  7:58  Marine, Refinery x2  
  115  8:01  Widow Mine x2  
  115  8:03  Bunker, SCV  
  115  8:05  Marine x2  
  120  8:06  Bunker  
  120  8:07  Marauder  
  124  8:13  Marauder  
  124  8:15  Supply Depot, Marine x2  
  124  8:18  Supply Depot, Missile Turret  
  128  8:20  Marine  
  128  8:22  Widow Mine x2  
  128  8:23  Marine  
  128  8:25  Ghost Academy, SCV x2  
  128  8:26  SCV  
  137  8:28  Marauder  
  137  8:31  Marine  
Show
View Real Time Build Order
Export as new Build Order

Classic Protoss - Winner!

Build Orders: 1 Gate Expand, Zealot Archon, Dark Templar Rush 

Get SALT Encoding   

  12  0:00  Probe  
  13  0:12  Probe  
  14  0:18  Pylon  
  14  0:24  Probe  
  15  0:36  Gateway  
  15  0:38  Probe (Chrono Boost)  
  16  0:48  Assimilator, Probe (Chrono Boost)  
  17  0:53  Probe (Chrono Boost)  
  18  1:04  Probe  
  19  1:16  Probe  
  20  1:23  Cybernetics Core  
  20  1:36  Nexus  
  20  1:44  Pylon  
  20  1:45  Probe  
  21  1:51  Assimilator  
  21  1:56  Adept (Chrono Boost)  
  23  2:02  Probe  
  23  2:04  Warp Gate  
  24  2:14  Probe  
  25  2:19  Twilight Council  
  25  2:26  Probe  
  28  2:38  Probe (Chrono Boost)  
  28  2:41  Robotics Facility  
  27  2:48  Probe (Chrono Boost)  
  27  2:50  Probe (Chrono Boost)  
  29  2:57  Probe (Chrono Boost)  
  31  2:58  Probe (Chrono Boost)  
  31  2:59  Gateway  
  31  3:05  Dark Shrine  
  31  3:07  Probe  
  31  3:10  Probe  
  33  3:19  Probe  
  34  3:22  Probe  
  34  3:26  Warp Prism (Chrono Boost)  
  35  3:31  Probe  
  38  3:34  Probe  
  38  3:35  Pylon  
  38  3:39  Assimilator  
  39  3:43  Probe  
  39  3:47  Probe  
  41  3:55  Probe  
  41  3:59  Probe  
  41  4:02  Nexus  
  43  4:07  Observer  
  43  4:08  Probe  
  45  4:10  Pylon  
  45  4:11  Probe  
  46  4:18  Dark Templar  
  46  4:19  Dark Templar  
  50  4:24  Charge  
  50  4:27  Assimilator  
  50  4:30  Probe x2  
  54  4:45  Pylon  
  54  4:46  Forge  
  54  4:50  Probe x2  
  56  4:55  Dark Templar  
  58  5:00  Dark Templar  
  58  5:07  Protoss Ground Armor Level 1 (Chrono Boost)  
  58  5:11  Immortal  
  58  5:14  Gateway  
  58  5:16  Gateway  
  58  5:22  Pylon  
  58  5:23  Probe x2  
  58  5:27  Gateway  
  58  5:28  Probe  
  61  5:35  Probe x2  
  63  5:36  Gateway  
  63  5:39  Pylon  
  63  5:40  Probe  
  64  5:43  Sentry  
  64  5:44  Sentry  
  64  5:46  Pylon  
  64  5:47  Probe x2  
  70  5:52  Probe  
  70  5:54  Immortal (Chrono Boost)  
  71  5:59  Probe x2  
  77  6:04  Gateway, Probe  
  77  6:10  Gateway  
  79  6:11  Probe  
  79  6:14  Templar Archives  
  79  6:18  Probe x2  
  81  6:19  Pylon  
  81  6:27  Probe  
  81  6:30  Probe x2, Forge  
  81  6:31  Immortal (Chrono Boost)  
  84  6:33  Pylon  
  84  6:39  Psionic Storm  
  88  6:43  Assimilator  
  88  6:47  Zealot x5  
  98  6:54  Assimilator  
  98  6:56  Pylon  
  98  6:59  Archon  
  98  7:04  Photon Cannon, Probe x3  
  98  7:07  Pylon  
  101  7:09  High Templar x2  
  105  7:17  Observer  
  105  7:21  Zealot x2  
  105  7:22  Zealot x2  
  113  7:24  Observer  
  113  7:28  Pylon  
  113  7:31  Observer, High Templar  
  115  7:39  Gateway x2  
  115  7:40  High Templar  
  117  7:44  Pylon  
  117  7:46  Zealot x5  
  117  7:47  Zealot  
  129  7:56  Pylon  
  129  7:58  Pylon  
  129  8:04  Probe  
  130  8:08  Zealot x2, High Templar x2  
  130  8:09  Zealot x3  
  130  8:12  Archon  
  144  8:14  Zealot  
  144  8:18  Pylon  
  122  8:47  Zealot x2  
  122  8:48  Zealot x6  
Tags
 
Add a new tag
Caveats
  • Supply blocks, unpowered buildings, or Contaminate may cause inaccurate times.
  • Supply counts are checked every 10 seconds.